 Dungeon Crawl Stone Soup version 0.31-a0-876-gfe8ebadbca (webtiles) character file.

Game seed: 535693438352202021

389 Arex the Ruffian (level 6, -2/32 HPs)
             Began as a Vine Stalker Shapeshifter on Oct 14, 2023.
             Was a Follower of the Shining One.
             Slain by Dowan
             ... wielding a +0 dagger
              (3 damage)
             ... on level 4 of the Dungeon.
             The game lasted 00:04:28 (2518 turns).

Arex the Ruffian (Vine Stalker Shapeshifter)        Turns: 2518, Time: 00:04:28

Health: -2/32      AC:  2    Str: 19    XL:     6   Next: 79%
Magic:  0/7        EV: 12    Int: 10    God:    the Shining One [*.....]
Gold:   214        SH:  0    Dex: 13    Spells: 5/5 levels left

rFire   . .          .
                       - Unarmed
rCold   . . .        (no shield)
rNeg    . . .        a - +0 animal skin
rPois   .            (helmet currently unavailable)
rElec   .            (cloak currently unavailable)
rCorr   .            (gloves currently unavailable)
SInv    .            (boots currently unavailable)
Will    .....        (no amulet)
Stlth   +            (no ring)
HPRegen 1.05/turn    (no ring)
MPRegen 0.10/turn

%: guardian spirit
@: lethally poisoned (-2 -> -5), beast-form, glowing
A: beast (slay +2), fangs 2, regeneration 1, magic shield, antimagic bite, no
potion heal 2
a: Begin Untransformation, Renounce Religion, Divine Shield


You were on level 4 of the Dungeon.
You worshipped the Shining One.
The Shining One was aware of your devotion.
You were a hulking beast.
You visited 1 branch of the dungeon, and saw 4 of its levels.

You collected 214 gold pieces.

Inventory:

Missiles
 b - 2 throwing nets
Armour
 a - a +0 animal skin (worn)
 g - a +1 helmet
Talismans
 c - a beast talisman (active)
 d - a flux talisman
Wands
 n - a wand of paralysis (8)
 o - a wand of iceblast (9)
Scrolls
 k - a scroll of fear {unknown}
 l - a scroll of acquirement {unknown}
 m - a scroll of enchant weapon {unknown}
 r - a scroll of revelation
Potions
 e - a potion of mutation {unknown}
 f - 3 potions of heal wounds
 h - 2 potions of curing
 i - 2 potions of degeneration
 q - a potion of resistance {unknown}
 s - a potion of lignification
 t - a potion of berserk rage {unknown}


   Skills:
 + Level 2.9 Fighting
 + Level 3.0 Dodging
 + Level 4.4 Unarmed Combat
 + Level 1.2 Invocations
 + Level 4.2 Shapeshifting


You had 5 spell levels left.
You didn't know any spells.
Your spell library was empty.

Dungeon Overview and Level Annotations

Branches:
Dungeon (4/15)
 Temple: D:4-7

Altars:
Sif Muna
Vehumet
The Shining One

Annotations:
D:2 Sigmund
D:4 Dowan, Duvessa


Innate Abilities, Weirdness & Mutations

You are a hulking beast.
Your limbs bulge with bestial killing power. (Slay +2)
You have extremely sharp teeth.
Your natural rate of healing is unusually fast.
When hurt, damage is shared between your health and your magic reserves.
Your bite disrupts and absorbs the magic of your enemies.
Potions cannot restore your health.


Message History

You hit the howler monkey.
The howler monkey is moderately wounded.
The howler monkey barely misses you.
Duvessa says, "When magic and the sword combine, nothing stands against them."
You punch the howler monkey!
You bite the howler monkey, but do no damage.
The howler monkey is severely wounded.
The howler monkey hoots and howls with incredible vigour!
An ogre comes into view. It is wielding a +0 giant club.
An endoplasm comes into view.
You hit the howler monkey.
You kill the howler monkey!
Dowan mumbles some strange words.
Dowan blinks!
You barely miss Duvessa. You punch Duvessa.
Duvessa is lightly wounded.
Duvessa hits you with a +1 vampiric rapier.
Duvessa draws strength from your wounds!
You hit Duvessa.
Duvessa is lightly wounded.
Dowan hits you with a +0 dagger.
Duvessa hits you with a +1 vampiric rapier!
Duvessa draws strength from your wounds!
You hit Duvessa. You punch Duvessa.
Duvessa is moderately wounded.
Duvessa hits you with a +1 vampiric rapier!
* * * LOW HITPOINT WARNING * * *
Duvessa draws strength from your wounds!
Dowan hits you with a +0 dagger.
* * * LOW HITPOINT WARNING * * *
The air fills with toxic fumes!
As you read the scroll labelled ESTRAE NUTSA, it crumbles to dust.
It was a scroll of poison.
Dowan closely misses you. Duvessa closely misses you.
You are engulfed in poison gas.
You are lethally poisoned!
* * * LOW HITPOINT WARNING * * *
You feel very sick. Dowan hits you with a +0 dagger.
You die...

...
..###...#####...
#.# ### ##§## #.#
#§# #§# #§# ##§##
##§§.#####.
..######e§#§§§§§§.
......).#.h§#####
......†)##e##
..........§§§
#.......%.§§§#
...JO.....§§§§§
#.........§§§#§#
#.[.......§§§#§#
..........§§§# #


You could see Duvessa and Dowan.

Vanquished Creatures
  Grinder (D:3)
  An ice beast (D:4)
  A howler monkey (D:4)
  2 adders
  2 dart slugs (D:1)
  An orc (D:4)
  8 endoplasms
  2 giant cockroaches
  6 goblins
  4 hobgoblins
  2 jackals (D:3)
  2 kobolds (D:3)
  5 quokkas
  4 ball pythons
  5 bats
  4 frilled lizards
  5 rats
55 creatures vanquished.

Notes
Turn   | Place    | Note
-------+----------+-------------------------------------------
     0 | D:1      | Arex the Vine Stalker Shapeshifter began the quest for the
                  | Orb.
     0 | D:1      | Reached XP level 1. HP: 9/9 MP: 2/2
    49 | D:1      | Reached skill level 1 in Fighting
   159 | D:1      | Reached XP level 2. HP: 2/14 MP: 0/3
   819 | D:2      | Noticed Sigmund
   939 | D:2      | Reached XP level 3. HP: 18/18 MP: 4/4
  1378 | D:3      | Found a radiant altar of Vehumet.
  1379 | D:3      | Noticed Grinder
  1398 | D:4      | Noticed an ice beast
  1419 | D:3      | Paralysed by Grinder for 2 turns
  1427 | D:3      | Killed Grinder
  1428 | D:3      | Reached XP level 4. HP: 23/23 MP: 2/5
  1428 | D:3      | Reached XP level 5. HP: 27/27 MP: 2/6
  1519 | D:2      | Found a faded altar of an unknown god.
  1519 | D:2      | Noticed a hellwing
  1712 | D:2      | Reached XP level 6. HP: 29/32 MP: 7/7
  1799 | D:2      | Prayed at the altar of an unknown god.
  1799 | D:2      | Became a worshipper of the Shining One
  1799 | D:2      | Reached * piety under the Shining One
  1908 | D:3      | Found a shimmering blue altar of Sif Muna.
  2309 | D:4      | Noticed Duvessa
  2309 | D:4      | Noticed Dowan
  2366 | D:4      | Killed an ice beast
  2368 | D:4      | Reached skill level 1 in Invocations
  2518 | D:4      | HP: 1/32 [poisoned by you (poison gas)]
  2518 | D:4      | Slain by Dowan

Illustrated notes

Levels and vault maps discovered:
D:1:      psy_arrival_radial01, layout_loops_ring, minmay_misc_feat_nine_boxes
D:2:      layout_loops_ring, dreamdust_ecumenical_altar_sealed_demon,
          amcnicky_mini_corridor_feature, kennysheep_generic_room_7,
          uniq_sigmund
D:3:      layout_basic, nicolae_vehumet_radiance,
          nicolae_sif_muna_little_library, minivault_26, uniq_grinder
D:4:      layout_basic, minmay_misc_feat_tower, uniq_menkaure, uniq_duvessa,
          uniq_eustachio

Skill      XL: |  1  2  3  4  5  6 |
---------------+-------------------+-----
Fighting       | 1 2 |  2.9
Dodging        | 2 3 |  3.0
Unarmed Combat | 4 |  4.4
Shapeshifting  | 4 |  4.2
Invocations    | 1 |  1.2

Action                     |  1- 3 |  4- 6 || total
---------------------------+-------+-------++-------
  Melee: Unarmed           |    93 |    50 ||   143
         Bite              |    22 |    13 ||    35
         Punch             |     2 |     2 ||     4
 Invoke: Divine Shield     |       |     1 ||     1
    Use: Scroll            |     2 |     3 ||     5
         Potion            |     1 |       ||     1
   Stab: Sleeping          |     2 |       ||     2
 Armour: Animal skin       |    43 |    28 ||    71
         Skin              |     7 |       ||     7
  Dodge: Dodged            |    36 |    36 ||    72
         Form:             |     1 |       ||     1
         Beast             |     1 |       ||     1

Table legend: (Time is in decaauts)
 A = Elapsed time spent in this place.
 B = Non-inter-level travel time spent in this place.
 C = Inter-level travel time spent in this place.
 D = Time resting spent in this place.
 E = Time spent auto-exploring this place.
 F = Levels seen in this place.
 G = Mean time per level.
                   A        B        C        D        E       F      G
               +--------+--------+--------+--------+--------+-----+--------+
         Total |   2508 |   2351 |    157 |    115 |   1829 |   4 |  627.0 |
       Dungeon |   2508 |   2351 |    157 |    115 |   1829 |   4 |  627.0 |
               +--------+--------+--------+--------+--------+-----+--------+

Top non-repeatable levels by time:
     D:1: 823 daAuts
     D:2: 800 daAuts
     D:3: 716 daAuts
     D:4: 168 daAuts
